 Dungeon Crawl Stone Soup version 0.19-a0-958-gd69d43c (webtiles) character file.

1638 AlphabetPasta the Basher (level 8, -6/87 HPs)
             Began as an Ogre Chaos Knight on July 11, 2016.
             Mangled by an orc warrior
             ... wielding a +0 mace
              (7 damage)
             ... on level 6 of the Dungeon.
             The game lasted 00:25:06 (5193 turns).

AlphabetPasta the Basher (Ogre Chaos Knight)        Turns: 5193, Time: 00:25:07

Health: -6/87      AC:  5    Str: 23    XL:     8   Next: 98%
Magic:  10/10      EV: 11    Int:  9    God:    Xom [......]
Gold:   83         SH:  0    Dex:  9    Spells: 0 memorised, 7 levels left

rFire  . . .     SeeInvis +     n - +0 dire flail
rCold  . . .     Gourm    .     b - +2 robe
rNeg   + . .     Faith    .     (shield currently unavailable)
rPois  .         Spirit   .     (helmet restricted)
rElec  .         Dismiss  .     l - +0 cloak
rCorr  .         Reflect  .     (gloves unavailable)
SustAt .         Harm     .     (boots unavailable)
MR     .....                    (no amulet)
Stlth  ++........               d - ring of positive energy
                                y - ring of stealth

@: mighty, very slightly contaminated, drained, not resistant to hostile
enchantments, unstealthy
A: unfitting armour, see invisible, clumsy 1, deformed body, dopey 1, screaming
1, tough skin 1
a: Renounce Religion


You were on level 6 of the Dungeon.
You worshipped Xom.
You were a very special plaything of Xom.
You were not hungry.

You visited 1 branch of the dungeon, and saw 6 of its levels.

You collected 321 gold pieces.
You spent 238 gold pieces at shops.

Inventory:

Hand Weapons
 a - a +1 mace of chaos
 e - a +0 giant spiked club
 i - the +7 greatsling "Punk" {freeze, rC+}
   (You found it on level 6 of the Dungeon)

   It causes projectiles fired from it to freeze those they strike, causing
   extra injury to most foes and up to half again as much damage against
   particularly susceptible opponents.
   They can also slow down cold-blooded creatures.
   It protects you from cold.
 n - a +0 dire flail (weapon)
Armour
 b - a +2 robe (worn)
 l - a +0 cloak (worn)
Rods
 h - a +0 rod of clouds (13/13)
   (You found it on level 4 of the Dungeon)
Jewellery
 d - a ring of positive energy (right hand)
 m - an uncursed ring of ice
 y - a ring of stealth (left hand)
Wands
 p - a wand of random effects (23/48)
 t - a wand of digging (11/24)
Scrolls
 j - 3 scrolls of amnesia
 o - a scroll of remove curse
Potions
 q - 2 potions of agility
Comestibles
 c - 3 bread rations
 f - a meat ration


   Skills:
 + Level 7.2 Fighting
 * Level 9.4 Maces & Flails
 + Level 4.3(4.2) Throwing
 + Level 4.4 Dodging
 + Level 3.2 Evocations


You had 7 spell levels left.
You didn't know any spells.

Dungeon Overview and Level Annotations

Branches:
Dungeon (6/15)
 Temple: D:4-7

Altars:
Qazlal
Uskayaw

Shops:
D:4 [   D:5 !


Innate Abilities, Weirdness & Mutations

You are too large for most types of armour.
You have tough skin. (AC +1)
You have supernaturally acute eyesight. (SInv)
You are clumsy. (Dex -2)
Armour fits poorly on your strangely shaped body.
You are dopey. (Int -2)
You occasionally shout uncontrollably at your foes.


Message History

The orc wizard seems to speed up.
The orc wizard gestures wildly while chanting.
The orc wizard flickers and vanishes for a moment.
There is a stormy altar of Qazlal here.
You feel very mighty all of a sudden. The orc warrior hits you with a mace!!
* * * LOW HITPOINT WARNING * * *
Xom thinks this is hilarious!
You feel better. The orc warrior hits you with a mace!
* * * LOW HITPOINT WARNING * * *
You feel better.
Xom giggles.
Xom watches you with interest. The orc warrior hits you with a mace!
* * * LOW HITPOINT WARNING * * *
Xom thinks this is hilarious!
You bludgeon the orc warrior!!
The orc warrior is severely wounded.
The orc warrior hits you with a mace!
You die...
Xom snickers!

#.# #.# #.#
#.# ### #.#
#@# # #.# ##o#
#%##.## #ho#
#.#.<.# ##.o#
#..555. #.).#
#.#.5># #...#
##.##)##
..o...#
#(..#.#
.........
#†..#
#...8...8...##
#..)###


You could see an orc warrior, a hound, 2 orc wizards and an orc.

Vanquished Creatures
  Grinder (D:3)
  Eustachio (D:5)
  A water moccasin (D:5)
  An orc warrior (D:6)
  A sky beast (D:5)
  2 ogres (D:5)
  A phantom (D:4)
  An ogre (shapeshifter) (D:3)
  Dowan (D:5)
  A howler monkey (D:5)
  2 hounds
  3 orc wizards
  A centaur skeleton (D:4)
  A giant frog skeleton (D:5)
  Crazy Yiuf (D:5)
  5 worker ants
  Robin (D:3)
  4 gnolls
  A howler monkey skeleton (D:5)
  10 adders
  An ooze (D:4)
  An adder skeleton (D:5)
  2 worms
  3 dart slugs
  4 giant geckos
  5 orcs
  4 giant cockroaches
  17 goblins
  8 hobgoblins
  5 jackals
  6 kobolds
  2 quokkas (D:2)
  A ball python skeleton (D:4)
  4 bats
  2 giant newts (D:2)
  A quokka skeleton (D:4)
  4 rats
110 creatures vanquished.

Notes
Turn   | Place    | Note
-------+----------+-------------------------------------------
     0 | D:1      | AlphabetPasta the Ogre Chaos Knight began the quest for the Orb.
     0 | D:1      | Reached XP level 1. HP: 24/24 MP: 1/1
    58 | D:1      | XOM: cast spell 'Confusing Touch'
   116 | D:1      | Reached XP level 2. HP: 32/32 MP: 2/2
   142 | D:1      | XOM: 4-stop teleportation journey
   489 | D:2      | XOM: god gift: papyrus book {god gift}
   572 | D:2      | Reached XP level 3. HP: 39/39 MP: 3/3
   587 | D:2      | XOM: fog
   588 | D:2      | Reached skill level 5 in Maces & Flails
   882 | D:2      | Reached skill level 1 in Throwing
  1049 | D:2      | Reached XP level 4. HP: 42/49 MP: 4/4
  1337 | D:3      | Noticed Terence
  1361 | D:3      | Noticed Terence
  1361 | D:3      | Terence changed into Terence the dart slug
  1361 | D:3      | XOM: polymorph Terence -> Terence the dart slug
  1363 | D:3      | Killed Terence the dart slug
  1384 | D:3      | XOM: 2-stop teleportation journey
  1650 | D:3      | Noticed an ice beast
  1650 | D:3      | a worm changed into an ice beast
  1655 | D:3      | Noticed an ogre
  1655 | D:3      | an ice beast changed into an ogre
  1657 | D:3      | Killed an ogre
  1657 | D:3      | Reached skill level 5 in Fighting
  1657 | D:3      | Reached XP level 5. HP: 57/57 MP: 5/5
  1685 | D:3      | Noticed Grinder
  1688 | D:3      | Paralysed by Grinder for 3 turns
  1693 | D:3      | XOM: harmless Ice miscast
  1694 | D:3      | Killed Grinder
  1694 | D:3      | Reached skill level 6 in Maces & Flails
  1694 | D:3      | Reached skill level 1 in Evocations
  1694 | D:3      | Reached XP level 6. HP: 24/66 MP: 5/7
  1720 | D:3      | Noticed Robin
  1725 | D:3      | Killed Robin
  1782 | D:3      | XOM: silly message
  1834 | D:3      | XOM: blink monster(s)
  2340 | D:4      | Found Jeipt's Armour Shoppe.
  2356 | D:4      | Reached XP level 7. HP: 72/74 MP: 8/8
  2637 | D:4      | XOM: enchant monster (good)
  2646 | D:4      | XOM: confuse monster(s)
  2663 | D:4      | Reached skill level 7 in Maces & Flails
  2885 | D:4      | XOM: god gift: royal jelly
  2887 | D:4      | XOM: cast spell 'Alistair's Intoxication'
  3251 | D:4      | XOM: cloud trail
  3374 | D:5      | Entered Level 5 of the Dungeon
  3425 | D:5      | Noticed Eustachio
  3426 | D:5      | Noticed Duvessa
  3426 | D:5      | Noticed Dowan
  3428 | D:5      | XOM: harmless Summ miscast
  3443 | D:5      | Noticed Duvessa
  3443 | D:5      | Duvessa changed into Duvessa the sky beast
  3449 | D:5      | Killed Dowan
  3456 | D:5      | XOM: cast spell 'Summon Small Mammal'
  3470 | D:5      | XOM: summons 3 hostile demons
  3517 | D:4      | XOM: medium Ice miscast
  3820 | D:5      | Found Wutuhaz's Distillery.
  3829 | D:5      | Bought a potion of heal wounds for 70 gold pieces
  3829 | D:5      | Bought a potion of curing for 42 gold pieces
  3829 | D:5      | Bought a potion of agility for 56 gold pieces
  3829 | D:5      | Bought a potion of might for 56 gold pieces
  3829 | D:5      | Bought a potion of degeneration for 14 gold pieces
  3867 | D:5      | XOM: fog
  3869 | D:5      | XOM: noise
  3879 | D:5      | Killed Eustachio
  3879 | D:5      | Reached skill level 8 in Maces & Flails
  3879 | D:5      | Reached XP level 8. HP: 42/84 MP: 9/9
  3986 | D:5      | XOM: harmless Hex miscast
  4050 | D:5      | XOM: harmless Pois miscast
  4054 | D:5      | Killed Duvessa the sky beast
  4088 | D:5      | Identified a +0 rod of clouds (13/13) (You found it on level 4 of the Dungeon)
  4287 | D:5      | XOM: potion effect (heal wounds)
  4363 | D:5      | Found a runed door.
  4486 | D:5      | Noticed Crazy Yiuf
  4489 | D:5      | Killed Crazy Yiuf
  4529 | D:5      | XOM: enchant monster (good)
  4655 | D:6      | XOM: noise
  4670 | D:5      | XOM: blink monster(s)
  4671 | D:5      | XOM: give mutation
  4671 | D:5      | Gained mutation: You have supernaturally acute eyesight. (SInv) [Xom's mischief]
  4672 | D:5      | Reached skill level 9 in Maces & Flails
  4675 | D:6      | XOM: enchant monster (bad)
  4769 | D:6      | XOM: smoke on damage
  4922 | D:6      | XOM: summons 4 hostile demons
  4935 | D:5      | XOM: severe Tmut miscast
  4956 | D:5      | Gained mutation: You are dopey. (Int -2) [mutagenic glow]
  4977 | D:5      | Gained mutation: You occasionally shout uncontrollably at your foes. [mutagenic glow]
  5031 | D:5      | Gained mutation: Armour fits poorly on your strangely shaped body. [mutagenic glow]
  5063 | D:5      | Gained mutation: You are clumsy. (Dex -2) [mutagenic glow]
  5169 | D:5      | XOM: noise
  5181 | D:6      | Found a hide-covered altar of Uskayaw.
  5181 | D:6      | Found a stormy altar of Qazlal.
  5181 | D:6      | XOM: 3-stop teleportation journey
  5190 | D:6      | HP: 3/87 [orc warrior/mace (21)]
  5192 | D:6      | XOM: severe Conj miscast
  5192 | D:6      | HP: 1/87 [orc warrior/mace (11)]
  5193 | D:6      | Mangled by an orc warrior

Vault maps used:
D:1:      dpeg_arrival_round_a
D:3:      minmay_wonky_spiral, columned_hall_lemuel, uniq_terence, uniq_grinder,
          uniq_robin
D:4:      serial_shops, nicolae_shop_crystal, minmay_misc_feat_iff
D:5:      first_bread, serial_shops, shop, minmay_misc_feat_enclosed,
          uniq_duvessa, uniq_eustachio, uniq_crazy_yiuf_cottage
D:6:      minmay_overflow_temple_star_hex, uniq_prince_ribbit1

Skill      XL: |  1  2  3  4  5  6  7  8 |
---------------+-------------------------+-----
Maces & Flails | 5 6 8 9 |  9.4
Throwing       | 1 2 3 4 |  4.3
Fighting       | 5 6 7 |  7.2
Dodging        | 3 4 |  4.4
Evocations     | 1 2 3 |  3.2

Action                   |  1- 3 |  4- 6 |  7- 9 || total
-------------------------+-------+-------+-------++-------
Melee: Mace              |    78 |   139 |   193 ||   410
       Giant spiked club |       |       |    59 ||    59
       Dire flail        |       |       |    14 ||    14
Throw: Javelin           |       |     3 |     7 ||    10
       Throwing net      |       |       |     2 ||     2
Evoke: Wand              |       |     2 |       ||     2
       Rod               |       |       |     2 ||     2
  Use: Potion            |       |     1 |     8 ||     9
       Scroll            |       |       |     9 ||     9
 Stab: Petrifying        |     1 |     1 |     1 ||     3
       Paralysed         |       |     3 |     5 ||     8
       Confused          |       |     1 |     1 ||     2
       Held in net/web   |       |       |     2 ||     2
       Sleeping          |       |       |     1 ||     1
  Eat: Chunk             |       |     5 |     3 ||     8
       Meat ration       |       |       |     1 ||     1
       Royal jelly       |       |       |     1 ||     1
Armor: Robe              |    23 |    44 |    96 ||   163
       Skin              |       |     2 |       ||     2
Dodge: Dodged            |    39 |    70 |   158 ||   267
